 Dungeon Crawl Stone Soup version 0.25.0-37-gb73750e0fb (webtiles) character file.

Game seed: 15466701008378617631

19499 xccam the Party-goer (level 12, -1/85 HPs)
             Began as an Octopode Assassin on July 8, 2020.
             Was a Believer of Uskayaw.
             Slain by a two-headed ogre
             ... wielding a +0 giant spiked club
              (3 damage)
             ... on level 1 of the Orcish Mines.
             The game lasted 00:31:21 (21490 turns).

xccam the Party-goer (Octopode Assassin)           Turns: 21490, Time: 00:31:22

Health: -1/85      AC: -1    Str: 11    XL:     12   Next: 69%
Magic:  20/20      EV: 20    Int: 13    God:    Uskayaw [**....]
Gold:   940        SH:  6    Dex: 18    Spells: 11/11 levels left

rFire    . . .     SeeInvis .   k - +6 dagger (venom)
rCold    . . .     Gourm    .   B - +0 buckler
rNeg     . . .     Faith    .   D - +2 hat
rPois    .         Spirit   .   c - amulet of inaccuracy (curse)
rElec    .         Reflect  .   x - ring of protection from magic (curse)
rCorr    .         Harm     .   K - -4 ring of protection (curse)
MR       +....                  (no ring)
Stlth    ++++++....             (no ring)
HPRegen  0.24/turn              (no ring)
MPRegen  0.17/turn              (no ring)
                                (no ring)
                                (no ring)

@: no status effects
A: almost no armour, stealthy swim, amphibious, 8 rings, constrict 8, camouflage
1, gelatinous body 1
a: Stomp, Line Pass, Renounce Religion


You were on level 1 of the Orcish Mines.
You worshipped Uskayaw.
Uskayaw was aware of your devotion.
You were not hungry.

You visited 3 branches of the dungeon, and saw 15 of its levels.

You collected 940 gold pieces.

Inventory:

Hand Weapons
 a - a +2 dagger
 k - a +6 dagger of venom (weapon)
Missiles
 b - 41 poisoned darts (quivered)
Armour
 n - a +0 kite shield
 B - a +0 buckler (worn)
 D - a +2 hat (worn)
Jewellery
 c - a cursed amulet of inaccuracy (around mantle)
 i - an uncursed ring of fire
 x - a cursed ring of protection from magic (left tentacle)
 K - a cursed -4 ring of protection (right tentacle)
Wands
 f - a wand of digging (4)
 m - a wand of paralysis (2)
 p - a wand of flame (58)
 s - a wand of polymorph (10)
 v - a wand of disintegration (21)
 y - a wand of random effects (49)
Scrolls
 g - a scroll of fear
 z - a scroll of identify
 E - 2 scrolls of magic mapping
 I - a scroll of fog
Potions
 h - a potion of lignification
 l - 3 potions of resistance
 o - 3 potions of brilliance
 q - a potion of magic
 t - 3 potions of mutation
 C - 2 potions of flight
 F - 2 potions of curing
Comestibles
 d - 30 rations
 j - 4 chunks of flesh


   Skills:
 + Level 9.1 Fighting
 - Level 10.0 Short Blades
 - Level 2.0 Throwing
 + Level 9.2 Dodging
 - Level 10.0 Stealth
 - Level 5.0 Shields
 + Level 11.5 Invocations


You had 11 spell levels left.
You didn't know any spells.
Your spell library contained the following spells:

 Spells                   Type           Power        Failure   Level  Hunger
 Apportation              Tloc           #.....       30%         1    ##.....
 Corona                   Hex            #......      30%         1    ##.....
 Sandblast                Erth           #.....       30%         1    ##.....
 Summon Butterflies       Summ           #.......     30%         1    ##.....
 Passwall                 Tmut/Erth      #.......     43%         2    ###....
 Slow                     Hex            #.......     43%         2    ###....
 Inner Flame              Hex/Fire       #.......     67%         3    ####...
 Lesser Beckoning         Tloc           #.........   67%         3    ####...
 Portal Projectile        Hex/Tloc       #.....       67%         3    ####...
 Stone Arrow              Conj/Erth      #.....       67%         3    ####...
 Tukima's Dance           Hex            #.......     67%         3    ####...
 Cause Fear               Hex            #.........   97%         4    #####..
 Leda's Liquefaction      Hex/Erth       #.........   97%         4    #####..
 Petrify                  Tmut/Erth      #.......     97%         4    #####..
 Alistair's Intoxication  Tmut/Pois      #.......     100%        5    ######.
 Lee's Rapid Deconstruct  Erth           #.........   100%        5    ######.
 Invisibility             Hex            #.......     100%        6    #######


Dungeon Overview and Level Annotations

Branches:
Dungeon (12/15)            Temple (1/1) D:5            Lair (0/6) D:9
    Orc (2/2) D:9             Elf (0/3) Orc:2

Altars:
Ashenzari
Dithmenos
Elyvilon
Fedhas
Gozag
Hepliaklqana
Kikubaaqudgha
Okawaru
Qazlal
Trog
Uskayaw
Xom
Yredelemnul
Zin
The Shining One
Beogh
Lugonu

Shops:
D:4 %   D:7 =


Innate Abilities, Weirdness & Mutations

You cannot wear most types of armour.
You are very stealthy in the water. (Stealth+)
You are amphibious.
You can wear up to eight rings at the same time.
You can use your tentacles to constrict eight enemies at once.
Your skin changes colour to match your surroundings (Stealth+).
Your rubbery body absorbs attacks. (AC +1, EV +1)


Message History

The ogre is severely wounded.
You hit the ogre.
The ogre looks as sick as possible!
The ogre is severely wounded.
The ogre closely misses you.
The two-headed ogre hits you with a +0 giant spiked club!!
* * * LOW HITPOINT WARNING * * *
The two-headed ogre hits you with a +0 giant spiked club!
* * * LOW HITPOINT WARNING * * *
You barely miss the ogre.
The ogre is almost dead.
The ogre misses you.
Unknown command.
You barely miss the ogre.
The ogre is almost dead.
The ogre misses you.
Unknown command.
You hit the ogre.
You kill the ogre!
The two-headed ogre hits you with a +0 giant spiked club.
You die...

#.#.## ### ..[).##
###.#
..[...####...###
###..###.#.....#
.##....#.......###
..#....#........)##
..#.#......###...>##
....##....#####O).)#
..#......####..O@.##
..#......^.......##
.##...###.....#.##
###....##.....###
......###....##
#....## ##.#.#
##).## ##### #.###
.#### ###


You could see a two-headed ogre and an ogre (very poisoned).

Vanquished Creatures
  An ogre mage (Orc:2)
  The ghost of nikku the Covert, a journeyman OpAs of Dithmenos (D:10)
  2 two-headed ogres
  An orc knight (Orc:1)
  A manticore (D:11)
  Maggie (D:6)
  A centaur skeleton (D:11)
  3 kobold demonologists (D:11)
  A queen bee (D:9)
  6 trolls
  A hornet (D:11)
  3 hippogriffs
  Sigmund (D:4)
  A shadow (D:11)
  2 wraiths (D:11)
  7 yaks (D:11)
  A human (D:7)
  4 hogs (D:7)
  Menkaure (D:4)
  5 wargs (Orc:1)
  A water moccasin (D:7)
  11 orc warriors
  5 sky beasts
  2 hornet zombies (D:10)
  Purgy (D:3)
  4 ice beasts
  A phantom (D:6)
  14 ogres
  2 black bears
  2 necrophages
  9 centaurs
  5 wolves (D:9)
  A crocodile (D:10)
  5 bullfrogs
  A gnoll sergeant (D:6)
  4 scorpions
  31 killer bees
  4 wights (D:7)
  3 electric eels (D:9)
  A quasit (D:7)
  3 crimson imps
  6 hounds
  A jelly (D:10)
  14 orc priests
  A bullfrog skeleton (D:5)
  22 orc wizards
  Natasha (thrice) (D:3)
  4 iguanas
  Ijyb (D:4)
  16 worker ants
  A hound zombie (D:11)
  A hound skeleton (D:10)
  A worker ant zombie (D:7)
  Robin (D:3)
  5 gnolls (D:6)
  14 adders
  A shadow imp (D:11)
  2 oozes (D:2)
  5 adder skeletons
  2 worms (D:2)
  3 dart slugs
  6 leopard geckos
  60 orcs
  2 giant cockroaches
  9 hobgoblins
  3 jackals (D:5)
  2 quokkas
  A ball python (D:1)
  7 bats
  5 frilled lizards
  16 goblins
  9 kobolds
  A leopard gecko skeleton (D:5)
  A leopard gecko zombie (D:5)
  3 rats
383 creatures vanquished.

Vanquished Creatures (others)
  A centaur (D:11)
1 creature vanquished.

Grand Total: 384 creatures vanquished

Notes
Turn   | Place    | Note
-------+----------+-------------------------------------------
     0 | D:1      | xccam the Octopode Assassin began the quest for the Orb.
     0 | D:1      | Reached XP level 1. HP: 14/14 MP: 1/1
   226 | D:1      | Reached XP level 2. HP: 19/19 MP: 2/2
   961 | D:2      | Reached XP level 3. HP: 17/24 MP: 3/3
  1433 | D:2      | Reached XP level 4. HP: 29/29 MP: 4/4
  1948 | D:3      | Noticed Robin
  2088 | D:3      | Killed Robin
  2229 | D:3      | Noticed Purgy
  2236 | D:3      | Killed Purgy
  2236 | D:3      | Reached skill level 5 in Short Blades
  2236 | D:3      | Reached XP level 5. HP: 34/34 MP: 5/5
  2264 | D:3      | Reached XP level 6. HP: 20/39 MP: 6/6
  2590 | D:3      | Noticed Natasha
  2597 | D:3      | Killed Natasha
  3119 | D:3      | Noticed Natasha
  3126 | D:3      | Killed Natasha
  3326 | D:3      | Noticed Natasha
  3334 | D:3      | Killed Natasha
  3505 | D:4      | Noticed Sigmund
  3513 | D:4      | Killed Sigmund
  3513 | D:4      | Reached XP level 7. HP: 45/45 MP: 7/7
  3533 | D:4      | Noticed Ijyb
  3536 | D:4      | Killed Ijyb
  3721 | D:4      | Noticed Menkaure
  3725 | D:4      | Killed Menkaure
  3736 | D:4      | Found Bonuloew's Food Shoppe.
  4009 | D:4      | Reached XP level 8. HP: 49/52 MP: 8/8
  4052 | D:5      | Entered Level 5 of the Dungeon
  4317 | D:5      | Found a staircase to the Ecumenical Temple.
  4397 | Temple   | Entered the Ecumenical Temple
  4430 | Temple   | Became a worshipper of Uskayaw the Reveler
  4502 | D:5      | Reached * piety under Uskayaw
  4529 | D:5      | Reached ** piety under Uskayaw
  4537 | D:5      | Reached *** piety under Uskayaw
  4553 | D:5      | Reached **** piety under Uskayaw
  4560 | D:5      | Reached ***** piety under Uskayaw
  5310 | D:5      | Reached skill level 1 in Invocations
  5310 | D:5      | Reached XP level 9. HP: 35/58 MP: 8/10
  5666 | D:5      | Reached skill level 2 in Invocations
  5873 | D:6      | Noticed Maggie
  5891 | D:6      | Killed Maggie
  5891 | D:6      | Reached skill level 3 in Invocations
  6641 | D:6      | Reached skill level 4 in Invocations
  7089 | D:6      | Reached skill level 1 in Shields
  7773 | D:7      | Reached skill level 10 in Short Blades
  7806 | D:7      | Reached skill level 5 in Invocations
  7815 | D:7      | HP: 4/87 [hog (6)]
  7817 | D:7      | Reached skill level 6 in Invocations
  7817 | D:7      | Reached XP level 10. HP: 5/63 MP: 12/14
  8810 | D:7      | Reached skill level 5 in Shields
  8905 | D:7      | Found a hazy altar of Hepliaklqana.
  8905 | D:7      | Found a stormy altar of Qazlal.
  8907 | D:7      | Found a shimmering altar of Xom.
  9108 | D:7      | Found Domoih's Jewellery Shop.
  9380 | D:8      | Reached skill level 7 in Invocations
 10336 | D:8      | Reached skill level 8 in Invocations
 10719 | D:9      | Reached ****** piety under Uskayaw
 10743 | D:9      | HP: 3/97 [troll (14)]
 11189 | D:9      | Found a staircase to the Lair.
 11474 | D:9      | Reached skill level 5 in Fighting
 11665 | D:9      | Found a white marble altar of Elyvilon.
 11676 | D:9      | Reached skill level 5 in Dodging
 11893 | D:9      | Reached XP level 11. HP: 40/72 MP: 17/17
 12353 | D:9      | Found an iron altar of Okawaru.
 12371 | D:9      | Found a staircase to the Orcish Mines.
 12656 | D:9      | Noticed a two-headed ogre
 12661 | D:9      | Killed a two-headed ogre
 12661 | D:9      | Reached skill level 10 in Stealth
 12661 | D:9      | Reached skill level 9 in Invocations
 12796 | D:9      | HP: 3/73 [poisoned by a killer bee]
 12802 | D:9      | HP: 2/73 [poisoned by a killer bee]
 12807 | D:9      | HP: 2/73 [poisoned by a killer bee]
 13252 | D:10     | Entered Level 10 of the Dungeon
 13936 | D:10     | Found a large runed translucent door.
 13936 | D:10     | Found a large runed translucent door.
 13940 | D:10     | Noticed nikku's ghost (journeyman OpAs)
 14091 | D:10     | Found an ancient bone altar of Kikubaaqudgha.
 14992 | D:10     | Killed nikku's ghost
 14992 | D:10     | Reached skill level 10 in Invocations
 16352 | D:11     | Noticed a manticore
 16372 | D:11     | Killed a manticore
 16569 | D:11     | Reached XP level 12. HP: 41/81 MP: 19/19
 17311 | D:11     | Found a corrupted altar of Lugonu.
 17342 | D:11     | Found a shattered altar of Ashenzari.
 18190 | Orc:1    | Entered Level 1 of the Orcish Mines
 18190 | Orc:1    | Found a roughly hewn altar of Beogh.
 18362 | Orc:1    | Reached skill level 11 in Invocations
 19232 | Orc:1    | Found a roughly hewn altar of Beogh.
 19392 | Orc:2    | Entered Level 2 of the Orcish Mines
 20305 | Orc:2    | Noticed a two-headed ogre
 20305 | Orc:2    | Noticed an orc warlord
 20557 | Orc:2    | HP: 1/84 [orc priest/divine providence (17)]
 20587 | Orc:1    | HP: 3/84 [orc (5)]
 20960 | Orc:2    | Found a staircase to the Elven Halls.
 20960 | Orc:2    | Noticed an ogre mage
 20961 | Orc:2    | Noticed a two-headed ogre
 20964 | Orc:2    | Killed an ogre mage
 21283 | Orc:2    | Noticed a two-headed ogre
 21285 | Orc:2    | Noticed an ogre mage
 21465 | Orc:1    | Killed a two-headed ogre
 21487 | Orc:1    | HP: 2/85 [two-headed ogre/+0 giant spiked club (9)]
 21490 | Orc:1    | Slain by a two-headed ogre

Illustrated notes

Levels and vault maps discovered:
D:1:      dpeg_arrival_orchard, layout_basic, chequers_big_river
D:2:      layout_basic, first_ration
D:3:      layout_basic, uniq_purgy, uniq_robin, uniq_natasha
D:4:      layout_loops_ring, serial_shops, nicolae_shop_stone, uniq_menkaure,
          uniq_sigmund, uniq_ijyb
D:5:      layout_basic, minmay_temple_entry_grid
D:6:      layout_basic, uniq_maggie
D:7:      layout_gridville, nicolae_overflow_hidden_temple, serial_shops, shop,
          grunt_livestock
D:8:      layout_gridville
D:9:      layout_roguey [special_room_bee], elyvilon_altar_1, erik_lair_island,
          kennysheep_okawaru_gauntlet
D:10:     layout_irregular_city, ebering_ghost_disaster_area, basic_altar,
          minivault_1
D:11:     kennysheep_kobold_lugonu_temple, layout_basic, lemuel_centaur_altar
D:12:     layout_big_octagon, enter_bailey_3, gammafunk_ghost_grave,
          portal_ice_cave_entry_imps, kennysheep_just_a_vault
Temple:   regret_index_temple_mists
Orc:1:    layout_diamond_mine, basic_altar, mines1_david
Orc:2:    st_orc_ogre_mass, layout_caves

Skill      XL: |  1  2  3  4  5  6  7  8  9 10 11 12 |
---------------+-------------------------------------+-----
Short Blades   | 3 4 5 6 9 10 | 10.0
Stealth        | 6 8 9 10 | 10.0
Dodging        | 3 4 5 7 9 |  9.2
Fighting       | 3 4 5 7 9 |  9.1
Invocations    | 1 6 8 10 11 | 11.5
Shields        | 4 5 |  5.0
Throwing       | |  2.0

Action                   |  1- 3 |  4- 6 |  7- 9 | 10-12 || total
-------------------------+-------+-------+-------+-------++-------
Melee: Dagger            |    55 |    99 |   282 |   988 ||  1424
       Constrict         |     9 |    25 |    47 |   105 ||   186
       Tentacles         |     2 |    17 |    72 |   224 ||   315
Throw: Dart              |       |       |    12 |    54 ||    66
Invok: Stomp             |       |       |       |     9 ||     9
Evoke: Wand              |       |       |       |     5 ||     5
  Use: Scroll            |       |     3 |    11 |    19 ||    33
       Potion            |       |       |     4 |    10 ||    14
 Stab: Sleeping          |    20 |    13 |    18 |    22 ||    73
       Distracted        |       |       |     4 |     6 ||    10
       Paralysed         |       |       |     2 |    37 ||    39
       Fleeing           |       |       |       |     1 ||     1
  Eat: Chunk             |     2 |     6 |    13 |    28 ||    49
       Ration            |       |       |       |     5 ||     5
Armor: Skin              |     5 |     3 |     6 |    27 ||    41
Dodge: Dodged            |    26 |    41 |    96 |   435 ||   598
Block: Buckler           |       |       |     4 |   179 ||   183
